 Dungeon Crawl Stone Soup version 0.29.1-1-gd02db6906a (webtiles) character file.

Game seed: 13182415375515930119

867 Earthwalker the Trooper (level 7, -1/64 HPs)
             Began as a Minotaur Fighter on Oct 15, 2022.
             Slain by a gnoll
             ... wielding a +0 whip
              (5 damage)
             ... on level 4 of the Dungeon.
             The game lasted 00:08:14 (3852 turns).

Earthwalker the Trooper (Minotaur Fighter)          Turns: 3852, Time: 00:08:14

Health: -1/64      AC:  7    Str: 22    XL:     7   Next: 73%
Magic:  6/6        EV:  9    Int:  5    God:
Gold:   122        SH:  5    Dex: 10    Spells: 6/6 levels left

rFire   . . .      SeeInvis .   a - +0 war axe
rCold   . . .      Faith    .   c - +0 buckler
rNeg    . . .      Spirit   .   b - +0 scale mail
rPois   .          Reflect  .   (helmet restricted)
rElec   .          Harm     .   (no cloak)
rCorr   .          Rampage  .   (no gloves)
Will    .....                   (no boots)
Stlth   ..........              (no amulet)
HPRegen 0.20/turn               (no ring)
MPRegen 0.10/turn               (no ring)

@: no status effects
A: horns 2, retaliatory headbutt
a: no special abilities


You were on level 4 of the Dungeon.
You visited 1 branch of the dungeon, and saw 4 of its levels.

You collected 122 gold pieces.

Inventory:

Hand Weapons
 a - a +0 war axe (weapon)
Missiles
 l - 33 poisoned darts (quivered)
 u - 5 datura-tipped darts
 z - 2 atropa-tipped darts
Armour
 b - a +0 scale mail (worn)
 c - a +0 buckler (worn)
Wands
 m - a wand of polymorph (8)
 p - a wand of digging (6)
 w - a wand of light (3)
Scrolls
 e - 2 scrolls of blinking {unknown}
 i - a scroll of fog {unknown}
 j - a scroll of enchant armour {unknown}
 n - a scroll of immolation {unknown}
 o - 2 scrolls of magic mapping {unknown}
 q - a scroll of amnesia {unknown}
 r - 2 scrolls of teleportation {unknown}
 s - 2 scrolls of fear {unknown}
 y - a scroll of identify {unknown}
Potions
 d - a potion of might
 f - 3 potions of curing {unknown}
 g - a potion of invisibility {unknown}
 h - 3 potions of heal wounds {unknown}
 k - a potion of flight {unknown}
 t - a potion of haste {unknown}
 v - a potion of lignification {unknown}
 x - a potion of cancellation {unknown}


   Skills:
 * Level 6.4 Fighting
 * Level 5.7 Axes
 * Level 6.3 Armour
 * Level 6.3 Shields


You had 6 spell levels left.
You didn't know any spells.
Your spell library was empty.

Dungeon Overview and Level Annotations

Branches:
Dungeon (4/15)
 Temple: D:4-7

Altars:
Fedhas


Innate Abilities, Weirdness & Mutations

You have a pair of horns on your head.
You reflexively headbutt those who attack you in melee.


Message History

The kobold hits you with a +0 short sword.
* * * LOW HITPOINT WARNING * * *
You completely miss the kobold. The kobold closely misses you.
You hit the kobold.
You kill the kobold!
You closely miss the gnoll.
You headbutt the gnoll, but do no damage.
The gnoll is heavily wounded.
You block the gnoll's attack. The gnoll hits you with a +0 whip.
* * * LOW HITPOINT WARNING * * *
You closely miss the gnoll.
The gnoll is heavily wounded.
You closely miss the gnoll. The gnoll misses you.
The gnoll hits you with a +0 flail.
* * * LOW HITPOINT WARNING * * *
You hit the gnoll.
The gnoll is severely wounded.
You hit the gnoll but do no damage. The gnoll barely misses you.
You furiously retaliate!
You headbutt the gnoll. The gnoll hits you but does no damage.
You closely miss the gnoll. Your headbutt misses the gnoll.
The gnoll is almost dead.
You hit the gnoll but do no damage. The gnoll hits you with a +0 flail.
* * * LOW HITPOINT WARNING * * *
The gnoll hits you with a +0 whip.
* * * LOW HITPOINT WARNING * * *
You barely miss the gnoll. Your headbutt misses the gnoll.
You barely miss the gnoll. The gnoll closely misses you.
The gnoll hits you with a +0 whip.
* * * LOW HITPOINT WARNING * * *
The gnoll hits you with a +0 whip.
* * * LOW HITPOINT WARNING * * *
The gnoll hits you but does no damage.
You closely miss the gnoll. You headbutt the gnoll.
You kill the gnoll!
You hit the gnoll. You block the gnoll's attack.
You closely miss the gnoll. Your headbutt misses the gnoll.
The gnoll is moderately wounded.
The gnoll hits you with a +0 whip.
You die...

#..#.#..## ...... #
###.... ...... B..
..##..... ......#B.
...#..... .........
.......## ......
..##.###. ..w. ..##.....
####g########..##.....
##...)@......#..#......
#......................
#................##....
..$................##....
........#...............8
.....##.#..##............
....# #######...........8
8... #..........## ...
##........##


You could see a worm and a gnoll.

Vanquished Creatures
  Grinder (D:3)
  2 ogres (D:4)
  A scorpion (D:4)
  An orc priest (D:4)
  Jessica (D:2)
  Ijyb (D:4)
  Natasha (thrice) (D:2)
  Terence (D:2)
  An orc wizard (D:3)
  Robin (D:3)
  3 gnolls (D:4)
  10 adders
  5 dart slugs
  6 orcs
  5 ball pythons
  9 bats
  2 endoplasms
  6 giant cockroaches
  21 goblins
  3 hobgoblins
  12 kobolds
  3 quokkas
  4 frilled lizards
  3 rats
105 creatures vanquished.

Vanquished Creatures (others)
  7 plants
  13 withered plants (D:2)
20 creatures vanquished.

Grand Total: 125 creatures vanquished

Notes
Turn   | Place    | Note
-------+----------+-------------------------------------------
     0 | D:1      | Earthwalker the Minotaur Fighter began the quest for the
                  | Orb.
     0 | D:1      | Reached XP level 1. HP: 19/19 MP: 0/0
   273 | D:1      | Reached XP level 2. HP: 26/27 MP: 1/1
  1050 | D:2      | Reached XP level 3. HP: 24/33 MP: 2/2
  1325 | D:2      | Noticed Natasha
  1344 | D:2      | Killed Natasha
  1345 | D:2      | Reached XP level 4. HP: 34/41 MP: 3/3
  1351 | D:2      | Noticed Natasha
  1362 | D:2      | Killed Natasha
  1376 | D:2      | Found a faded altar of an unknown god.
  1521 | D:2      | Noticed Terence
  1529 | D:2      | Killed Terence
  1530 | D:2      | Reached XP level 5. HP: 27/47 MP: 4/4
  1724 | D:2      | Noticed Natasha
  1730 | D:2      | Killed Natasha
  1787 | D:2      | Noticed Jessica
  1797 | D:2      | Killed Jessica
  1916 | D:3      | Reached skill level 5 in Fighting
  1916 | D:3      | Reached skill level 5 in Armour
  1959 | D:3      | Reached skill level 5 in Shields
  2203 | D:3      | Noticed Grinder
  2218 | D:3      | Killed Grinder
  2219 | D:3      | Reached XP level 6. HP: 16/56 MP: 5/5
  2640 | D:3      | Found a blossoming altar of Fedhas.
  2768 | D:3      | Noticed Robin
  2786 | D:3      | Killed Robin
  3114 | D:4      | Reached skill level 5 in Axes
  3116 | D:4      | Reached XP level 7. HP: 58/62 MP: 6/6
  3307 | D:4      | Noticed Ijyb
  3467 | D:4      | Killed Ijyb
  3852 | D:4      | Slain by a gnoll

Illustrated notes

Levels and vault maps discovered:
D:1:      minmay_arrival_hallway, layout_basic, minmay_shallow_snake_nest
D:2:      layout_loops_ring, shapermc_ecumenical_altar_flowoftime, uniq_natasha,
          uniq_terence, uniq_jessica
D:3:      cheibrodos_old_hovel, layout_basic, nicolae_overflow_hidden_temple,
          uniq_grinder, uniq_robin
D:4:      layout_cave_pools, serial_column_ruins, column_ruins_hut,
          column_ruins_grid_2, column_ruins_corridor_plus, column_ruins_grid_2,
          column_ruins_corridor_straight, column_ruins_columns_T,
          kennysheep_pointless_box, kennysheep_generic_room_2, uniq_ijyb

Skill      XL: |  1  2  3  4  5  6  7 |
---------------+----------------------+-----
Fighting       | 4 5 6 |  6.4
Armour         | 4 5 6 |  6.3
Shields        | 4 5 6 |  6.3
Axes           | 3 4 5 |  5.7

Action                   |  1- 3 |  4- 6 |  7- 9 || total
-------------------------+-------+-------+-------++-------
Melee: War axe           |    79 |   117 |    73 ||   269
       Headbutt          |     3 |    15 |    10 ||    28
       Unarmed           |     7 |     2 |       ||     9
Armor: Scale mail        |    50 |    43 |    26 ||   119
       Skin              |     1 |       |       ||     1
Dodge: Dodged            |    37 |    48 |    34 ||   119
Block: Buckler           |    25 |    30 |    14 ||    69
